 Dungeon Crawl Stone Soup version 0.17-a0-1399-gd5b76e1 (webtiles) character file.

146 bal the Insei (level 5, -5/28 HPs)
             Began as a Vine Stalker Monk on June 19, 2015.
             Slain by a sky beast (6 damage)
             ... on level 5 of the Dungeon.
             The game lasted 00:09:00 (1909 turns).

bal the Insei (Vine Stalker Monk)                   Turns: 1909, Time: 00:09:01

Health: -5/28      AC:  2    Str: 13      XL:     5   Next: 28%
Magic:  0/6        EV: 14    Int:  6 (8)  God:
Gold:   207        SH:  0    Dex: 18      Spells: 0 memorised, 4 levels left

rFire  + . .     SeeInvis .     g - +0 whip (venom)
rCold  . . .     Clarity  .     k - +0 robe
rNeg   . . .     SustAt   .     (no shield)
rPois  .         Gourm    .     (no helmet)
rElec  .         Spirit   +     (no cloak)
rCorr  .         Warding  .     (no gloves)
rMut   .         Stasis   .     (no boots)
MR     .....                    (no amulet)
Stlth  +++.......               (no ring)
                                (no ring)

@: very slightly contaminated, not resistant to hostile enchantments, fairly
stealthy
A: fangs 2, hooves 1, dopey 1, fire resistance 1, regeneration 1, magic shield,
antimagic bite, no device heal 3, rot immunity
a: no special abilities


You were on level 5 of the Dungeon.
You were not hungry.

You visited 1 branch of the dungeon, and saw 5 of its levels.

You collected 207 gold pieces.

Inventory:

Hand weapons
 a - a +0 dagger
 b - a +0 hunting sling
 g - a +0 whip of venom (weapon)
Missiles
 p - 13 sling bullets
Armour
 k - a +0 robe (worn)
 l - a cursed +0 ring mail
Jewellery
 r - an uncursed ring of protection from cold {unknown}
 s - a cursed amulet of inaccuracy {unknown}
 u - a +4 ring of evasion {unknown}
Scrolls
 d - a scroll of blinking {unknown}
Potions
 f - a potion of heal wounds
 i - 2 potions of poison
Comestibles
 c - a meat ration
 e - 2 bread rations
 t - 2 chunks of flesh


   Skills:
 + Level 3.2 Fighting
 + Level 0.5 Short Blades
 + Level 0.5 Slings
 + Level 3.3 Dodging
 + Level 4.0 Stealth
 + Level 4.5 Unarmed Combat


You had 4 spell levels left.
You didn't know any spells.

Dungeon Overview and Level Annotations

Branches:
Dungeon (5/15)
 Temple: D:4-7

Altars:
Cheibriados
Dithmenos
Elyvilon
Nemelex Xobeh
Ru
Trog
Vehumet
Xom
The Shining One

Annotations:
D:3 Crazy Yiuf
D:4 asdu's ghost, weakling TeHu


Innate Abilities, Weirdness & Mutations

You have extremely sharp teeth.
Your natural rate of healing is unusually fast.
When hurt, damage is shared between your health and your magic reserves.
Your bite disrupts and absorbs the magic of your enemies.
Potions and wands cannot restore your health.
You are immune to rotting.
You have large cloven feet.
You are dopey. (Int -2)
Your flesh is heat resistant.


Message History

The sky beast completely misses you.
You closely miss the sky beast. Your kick misses the sky beast.
You bite the sky beast, but do no damage.
The sky beast is lightly wounded.
The sky beast hits you but does no damage.
You hit the sky beast but do no damage.
The sky beast is poisoned.
Your kick misses the sky beast. You bite the sky beast. You drain its power.
You feel invigorated.
The sky beast is moderately wounded.
The sky beast flickers out of sight!
Deactivating autopickup; reactivate with Ctrl-A.
Something hits you. Something shocks you.
You barely miss something. Your kick misses something. Something hits you.
* * * LOW HITPOINT WARNING * * *
Something shocks you.
* * * LOW HITPOINT WARNING * * *
Something hits you.
* * * LOW HITPOINT WARNING * * *
Something shocks you.
You die...

#.# ....###.# #.#
#....).## #.#
#.##..>#### #.#
#.......... #.#
#######..#.รท<###.
#.# #...........##
#.#
#.#####..#......
#.#####.#
#..##.####
#....{@.# #..##...
#########
#..##.### #.....#
##.#### ..


There were no monsters in sight!

Vanquished Creatures
  A hound (D:5)
  A worker ant (D:4)
  An adder (D:4)
  An ooze (D:2)
  2 worms (D:2)
  A ball python (D:2)
  5 bats
  2 giant cockroaches
  7 goblins
  13 hobgoblins
  6 jackals
  3 quokkas
  3 giant geckos
  4 giant newts
  5 kobolds
  16 rats
71 creatures vanquished.

Vanquished Creatures (others)
  A goblin (D:3)
1 creature vanquished.

Grand Total: 72 creatures vanquished

Notes
Turn   | Place    | Note
--------------------------------------------------------------
     0 | D:1      | bal the Vine Stalker Monk began the quest for the Orb.
     0 | D:1      | Reached XP level 1. HP: 11/11 MP: 2/2
   133 | D:1      | Reached XP level 2. HP: 13/16 MP: 3/3
   420 | D:1      | Reached XP level 3. HP: 15/19 MP: 4/4
  1015 | D:2      | Reached XP level 4. HP: 24/24 MP: 5/5
  1124 | D:2      | Found a shimmering altar of Xom.
  1127 | D:2      | Found a bloodstained altar of Trog.
  1128 | D:2      | Found a shadowy altar of Dithmenos.
  1129 | D:2      | Found a radiant altar of Vehumet.
  1132 | D:2      | Found a snail-covered altar of Cheibriados.
  1209 | D:2      | Found a sacrificial altar of Ru.
  1381 | D:3      | Found a glowing golden altar of the Shining One.
  1412 | D:3      | Found a sparkling altar of Nemelex Xobeh.
  1412 | D:3      | Found a white marble altar of Elyvilon.
  1488 | D:3      | Noticed Crazy Yiuf
  1495 | D:3      | HP: 1/24 [Crazy Yiuf/quarterstaff of chaos (14)]
  1785 | D:4      | Noticed asdu's ghost (weakling TeHu)
  1797 | D:5      | Entered Level 5 of the Dungeon
  1805 | D:5      | Reached XP level 5. HP: 22/28 MP: 4/6
  1830 | D:5      | Gained mutation: You are dopey. (Int -2) [potion of mutation]
  1830 | D:5      | Gained mutation: You have large cloven feet. [potion of mutation]
  1830 | D:5      | Gained mutation: Your flesh is heat resistant. [potion of mutation]
  1872 | D:5      | Noticed a sky beast
  1909 | D:5      | HP: 1/28 [something (1)]
  1909 | D:5      | Slain by a sky beast

Vault maps used:
D:1:      dpeg_arrival_pond, minivault_26, minmay_rat_gold_closets
D:2:      minitemple, lemuel_crystal_altar, minmay_bad_closet
D:3:      elyvilon_altar_4, nemelex_deck, tso_metal_star, first_bread,
          gup_sewer_entry_bowl, uniq_grinder, uniq_crazy_yiuf_cottage
D:4:      lemuel_round_altar
D:5:      serial_shops, shop_coins, uniq_eustachio

Action                   |  1- 3 |  4- 6 || total
-------------------------+-------+-------++-------
Melee: Unarmed           |    80 |       ||    80
       Dagger            |    53 |    90 ||   143
       Whip              |       |    10 ||    10
 Fire: Hunting sling     |       |    19 ||    19
  Use: Scroll            |       |     4 ||     4
       Potion            |       |     9 ||     9
 Stab: Sleeping          |    15 |     6 ||    21
  Eat: Bread ration      |       |     1 ||     1
       Beef jerky        |       |     1 ||     1
